 Dungeon Crawl Stone Soup version 0.31-a0-1529-g7bd419a0e5 (webtiles) character file.

Game seed: 10305282127257549853

225 graki42 the Ruffian (level 6, -4/41 HPs)
             Began as an Octopode Shapeshifter on Dec 31, 2023.
             Slain by a gnoll
             ... wielding a +2 heavy spear
              (14 damage)
             ... on level 3 of the Dungeon.
             The game lasted 00:03:55 (1968 turns).

graki42 the Ruffian (Octopode Shapeshifter)         Turns: 1968, Time: 00:03:55

Health: -4/41      AC:  1    Str: 14    XL:     6   Next: 1%
Magic:  6/6        EV: 14    Int: 12    God:
Gold:   128        SH:  0    Dex: 13    Spells: 5/5 levels left

rFire   . . .        i - +2 dagger (venom)
rCold   . . .        (no shield)
rNeg    . . .        (helmet currently unavailable)
rPois   .            (no amulet)
rElec   .            (no ring)
rCorr   .            (no ring)
SInv    .            (no ring)
Will    .....        (no ring)
Stlth   +++          (no ring)
HPRegen 0.26/turn    (no ring)
MPRegen 0.10/turn    (no ring)
                     (no ring)

%: no passive effects
@: beast-form
A: beast (slay +2), almost no armour, amphibious, 8 rings, camouflage 1,
gelatinous body 1, (nimble swimmer 1), tentacles
a: Begin Untransformation


You were on level 3 of the Dungeon.
You were a hulking beast.
You visited 1 branch of the dungeon, and saw 3 of its levels.

You collected 128 gold pieces.

Inventory:

Hand Weapons
 i - a +2 dagger of venom (weapon)
Talismans
 b - a beast talisman
 c - a flux talisman
Wands
 m - a wand of flame (26)
Scrolls
 f - a scroll of teleportation {unknown}
 g - a scroll of fog {unknown}
 k - 5 scrolls of identify {unknown}
 n - a scroll of blinking {unknown}
Potions
 a - a potion of lignification
 d - a potion of ambrosia {unknown}
 e - a potion of heal wounds {unknown}
 h - 2 potions of curing {unknown}
 j - a potion of enlightenment {unknown}
 l - a potion of haste {unknown}


   Skills:
 + Level 2.5 Fighting
 + Level 3.1 Dodging
 + Level 3.3 Stealth
 + Level 3.9 Unarmed Combat
 + Level 3.8 Shapeshifting


You had 5 spell levels left.
You didn't know any spells.
Your spell library contained the following spells:

 Spells                   Type           Power      Damage    Failure   Level
 Magic Dart               Conj           0%         1d3       32%         1
 Necrotise                Necr           0%         1d4       32%         1
 Blink                    Tloc           0%         N/A       45%         2
 Call Imp                 Summ           0%         N/A       45%         2
 Lesser Beckoning         Tloc           0%         N/A       45%         2
 Gell's Gravitas          Tloc           0%         N/A       69%         3
 Inner Flame              Hex/Fire       0%         N/A       69%         3
 Teleport Other           Tloc           0%         N/A       69%         3
 Vampiric Draining        Necr           0%         2d6       69%         3
 Martyr's Knell           Necr/Summ      0%         N/A       97%         4
 Curse of Agony           Necr           0%         N/A       100%        5
 Irradiate                Conj/Alch      0%         3d11      100%        5
 Ignition                 Fire           0%         3d3       100%        8


Dungeon Overview and Level Annotations

Branches:
Dungeon (3/15)

Altars:
Zin


Innate Abilities, Weirdness & Mutations

You are a hulking beast.
Your limbs bulge with bestial killing power. (Slay +2)
You cannot wear most types of armour.
You are amphibious.
You can wear up to eight rings at the same time.
Your skin changes colour to match your surroundings (Stealth+).
Your rubbery body absorbs attacks. (AC +1, EV +1)
((You are camouflaged when in or above water. (Stealth+)))
You have tentacles for arms and can constrict up to eight enemies at once.


Message History

The adder is severely wounded.
You feel sick. The adder misses you.
You barely miss the adder. Your grab misses the adder.
The adder is almost dead.
You feel sick.
You kill the adder!
You feel sick.
You are no longer poisoned.
Found a dagger.
A gnoll comes into view. It is wielding a +0 halberd.
A gnoll comes into view. It is wielding a +0 flail.
The gnoll shouts!
You hear a shout!
A gnoll comes into view. It is wielding a +0 whip.
Found 3 stones.
A gnoll comes into view. It is wielding a +2 heavy spear.
The gnoll shouts!
The gnoll misses you.
You hit the gnoll. Your grab misses the gnoll. You tentacle-slap the gnoll.
The gnoll is severely wounded.
The gnoll barely misses you.
You hit the gnoll but do no damage. You grab the gnoll.
You tentacle-slap the gnoll.
You kill the gnoll!
You hit the gnoll. You grab the gnoll. You squeeze the gnoll!
The gnoll is severely wounded.
You constrict the gnoll, but do no damage.
The gnoll barely misses you.
The gnoll hits you from afar with a +2 heavy spear!
You hit the gnoll.
You kill the gnoll!
You have reached level 6!
You barely miss the gnoll. You grab the gnoll. You constrict the gnoll.
The gnoll hits you from afar with a +2 heavy spear!
The gnoll hits you with a +0 whip.
You hit the gnoll.
The gnoll is poisoned.
The gnoll is moderately wounded.
You constrict the gnoll. The gnoll hits you with a +0 whip.
* * * LOW HITPOINT WARNING * * *
The gnoll hits you from afar with a +2 heavy spear!
You die...

))....# ##+## #...#
......# #.# ##.##
......## ####.##### #.#
.......# #...... .# #.#
.......# #.#...##.# #.#
##.###.# #..)...#.# #.#
#.###.####.#...# .# #)#
#.......##†#.#.##g######
#####.#........hg.......
#.####.######.###### #.#
#.# (# ..# #.. .# ###
#### ##


You could see 2 gnolls.

Vanquished Creatures
  An iguana (D:3)
  Natasha (twice) (D:2)
  Terence (D:3)
  2 gnolls (D:3)
  4 adders
  3 adder skeletons (D:2)
  A dart slug (D:3)
  An orc (D:3)
  5 ball pythons
  6 bats
  6 endoplasms
  4 giant cockroaches
  5 goblins
  3 hobgoblins
  3 jackals (D:3)
  7 kobolds
  4 quokkas
  A ball python zombie (D:2)
  2 frilled lizards (D:3)
  A jackal skeleton (D:2)
  A quokka zombie (D:2)
  A rat (D:1)
64 creatures vanquished.

Notes
Turn   | Place    | Note
-------+----------+-------------------------------------------
     0 | D:1      | graki42 the Octopode Shapeshifter began the quest for the
                  | Orb.
     0 | D:1      | Reached XP level 1. HP: 13/13 MP: 1/1
   189 | D:1      | Reached XP level 2. HP: 15/18 MP: 2/2
   266 | D:1      | Reached skill level 1 in Stealth
   646 | D:1      | Reached XP level 3. HP: 23/23 MP: 3/3
   841 | D:2      | Found a faded altar of an unknown god.
   914 | D:2      | Found a glowing silver altar of Zin.
  1059 | D:2      | Noticed Natasha
  1065 | D:2      | Killed Natasha
  1066 | D:2      | Reached XP level 4. HP: 29/29 MP: 4/4
  1130 | D:2      | Identified the +5 dagger "Wylenuatt" {pain, *Noise Dex+2
                  | SInv}
  1218 | D:2      | Noticed Natasha
  1225 | D:2      | Killed Natasha
  1226 | D:2      | Reached XP level 5. HP: 23/34 MP: 5/5
  1784 | D:3      | Noticed Terence
  1807 | D:3      | Killed Terence
  1967 | D:3      | Reached XP level 6. HP: 27/41 MP: 6/6
  1968 | D:3      | Slain by a gnoll

Illustrated notes

Levels and vault maps discovered:
D:1:      lemuel_arrival_rhombus, layout_loops_ring
D:2:      layout_rooms, hellmonk_ecumenical_altar_lost_god, basic_altar,
          dilly_guarded_unrand_morg
D:3:      layout_loops_corners, hangedman_feature_mirror, serial_bayou_lagoon_b,
          uniq_terence

Skill      XL: |  1  2  3  4  5 |
---------------+----------------+-----
Stealth        | 1 2 3 |  3.3
Fighting       | 2 |  2.5
Dodging        | 3 |  3.1
Unarmed Combat | |  3.9
Shapeshifting  | |  3.8

Action                     |  1- 3 |  4- 6 || total
---------------------------+-------+-------++-------
  Melee: Unarmed           |    27 |       ||    27
         Tentacles         |    12 |    15 ||    27
         Constrict         |    10 |    18 ||    28
         Dagger            |    28 |    62 ||    90
         Punch             |     1 |     3 ||     4
   Stab: Sleeping          |     8 |     6 ||    14
         Distracted        |     1 |       ||     1
 Armour: Skin              |    10 |    26 ||    36
  Dodge: Dodged            |    27 |    39 ||    66

Table legend: (Time is in decaauts)
 A = Elapsed time spent in this place.
 B = Non-inter-level travel time spent in this place.
 C = Inter-level travel time spent in this place.
 D = Time resting spent in this place.
 E = Time spent auto-exploring this place.
 F = Levels seen in this place.
 G = Mean time per level.
                   A        B        C        D        E       F      G
               +--------+--------+--------+--------+--------+-----+--------+
         Total |   1965 |   1897 |     68 |      0 |   1514 |   3 |  655.0 |
       Dungeon |   1965 |   1897 |     68 |      0 |   1514 |   3 |  655.0 |
               +--------+--------+--------+--------+--------+-----+--------+

Top non-repeatable levels by time:
     D:1: 729 daAuts
     D:3: 651 daAuts
     D:2: 584 daAuts
